 Dungeon Crawl Stone Soup version 0.18-a0-241-g014938f (webtiles) character file.

12439 Proton the Blocker (level 12, -2/94 HPs)
             Began as a Formicid Fighter on Nov 25, 2015.
             Was the Champion of Cheibriados.
             Killed from afar by an electric eel (10 damage)
             ... with a bolt of electricity
             ... on level 11 of the Dungeon.
             The game lasted 00:21:06 (8126 turns).

Proton the Blocker (Formicid Fighter)               Turns: 8126, Time: 00:21:06

Health: -2/94      AC: 15    Str: 42    XL:     12   Next: 20%
Magic:  7/7        EV: 18    Int: 24    God:    Cheibriados [******]
Gold:   53         SH: 15    Dex: 23    Spells: 0 memorised, 11 levels left

rFire  . . .     SeeInvis +     K - +0 battleaxe
rCold  . . .     Clarity  .     N - +4 ring mail "Totukhle" {rPois rN++ MP-9 Stlth+}
rNeg   + + .     SustAt   .     c - +0 shield
rPois  +         Gourm    .     (helmet unavailable)
rElec  .         Spirit   .     E - +0 cloak
rCorr  .         Warding  .     s - +0 pair of gloves
rMut   .         Stasis   +     P - +0 pair of boots
MR     +....                    (no amulet)
Stlth  +++.......               (no ring)
                                g - ring of stealth

@: very slow, somewhat resistant to hostile enchantments, fairly stealthy
A: permanent stasis, dig shafts and tunnels, four strong arms, antennae 3, claws
1, talons 1, camouflage 1, clumsy 1, screaming 1, strong 1, MP-powered wands
a: Dig, Shaft Self, Bend Time, Temporal Distortion, Slouch, Step From Time,
Renounce Religion


You were on level 11 of the Dungeon.
You worshipped Cheibriados.
Cheibriados was exalted by your worship.
You were not hungry.

You visited 1 branch of the dungeon, and saw 11 of its levels.
You also visited: Ossuary.

You collected 540 gold pieces.
You spent 487 gold pieces at shops.

Inventory:

Hand Weapons
 K - a +0 battleaxe (weapon)
Armour
 c - a +0 shield (worn)
 s - a +0 pair of gloves (worn)
 E - a +0 cloak (worn)
 N - the +4 ring mail "Totukhle" (worn) {rPois rN++ MP-9 Stlth+}
   (You found it on level 8 of the Dungeon)

   It protects you from poison.
   It greatly protects you from negative energy.
   It affects your magic capacity (-9).
   It makes you more stealthy.
 P - a +0 pair of boots (worn)
Jewellery
 g - a ring of stealth (left hand)
 I - an uncursed ring of ice
Wands
 F - a wand of lightning (5)
 H - a wand of fire (6)
 Q - a wand of frost (13)
Scrolls
 f - 5 scrolls of enchant armour {unknown}
 i - 2 scrolls of blinking {unknown}
 j - 3 scrolls of enchant weapon {unknown}
 k - 9 scrolls of remove curse
 o - 3 scrolls of noise {unknown}
 p - 7 scrolls of identify {unknown}
 q - a scroll of fog {unknown}
 t - 2 scrolls of random uselessness {unknown}
 u - 2 scrolls of recharging {unknown}
 y - a scroll of fear {unknown}
 A - a scroll of amnesia {unknown}
 B - a scroll of vulnerability {unknown}
 C - a scroll of summoning {unknown}
 J - 2 scrolls of teleportation {unknown}
 O - 3 scrolls of immolation {unknown}
Potions
 a - a potion of brilliance
 b - 3 potions of heal wounds {unknown}
 d - 3 potions of might
 h - 2 potions of ambrosia {unknown}
 l - 2 potions of haste {unknown}
 m - 4 potions of curing
 r - 6 potions of poison {unknown}
 w - a potion of cancellation {unknown}
 x - a potion of agility {unknown}
 z - a potion of flight {unknown}
 G - a potion of cure mutation {unknown}
 L - a potion of lignification {unknown}
Books
 v - a book of Necromancy

   Spells                             Type                      Level
   a - Pain                           Necromancy                   1
   b - Animate Skeleton               Necromancy                   1
   c - Vampiric Draining              Necromancy                   3
   d - Regeneration                   Charms/Necromancy            3
   e - Animate Dead                   Necromancy                   4
   f - Control Undead                 Necromancy                   4
Comestibles
 e - 8 bread rations
 n - 10 royal jellies
 D - 3 beef jerkies
 M - a slice of pizza


   Skills:
 + Level 8.8 Fighting
 * Level 9.7 Axes
 + Level 9.2 Armour
 + Level 6.8 Dodging
 + Level 10.1 Shields
 + Level 6.5 Invocations


You had 11 spell levels left.
You didn't know any spells.

Dungeon Overview and Level Annotations

Branches:
Dungeon (11/15)            Temple (0/1) D:7            Lair (0/8) D:10
    Orc (0/4) D:10

Altars:
Cheibriados
Dithmenos
Fedhas
Kikubaaqudgha
Makhleb
Nemelex Xobeh
Okawaru
Ru
Trog
Xom
The Shining One

Shops:
D:7 :(}:*   D:10 *(!

Annotations:
D:8 Maurice


Innate Abilities, Weirdness & Mutations

You are under a permanent stasis effect.
You can dig through walls and to a lower floor.
Your four strong arms can wield two-handed weapons with a shield.
You have a pair of large antennae on your head (SInv).
You have sharp fingernails.
You have sharp toenails.
Your skin changes colour to match your surroundings (Stealth).
You are clumsy. (Dex -2)
You occasionally shout uncontrollably at your foes.
Your muscles are strong. (Str +2)
You expend magic power (3 MP) to strengthen your wands.


Message History

The ice beast completely misses you.
The electric eel shoots out a bolt of lightning at you!
The bolt of electricity hits you! x2
The electric eel shoots out a bolt of lightning at you!
The bolt of electricity hits you! The ice beast misses you.
The electric eel shoots out a bolt of lightning at you!
The bolt of electricity hits you!
The electric eel shoots out a bolt of lightning at you!
The bolt of electricity hits you!
* * * LOW HITPOINT WARNING * * *
The bolt of electricity hits you!
* * * LOW HITPOINT WARNING * * *
The ice beast hits you.
* * * LOW HITPOINT WARNING * * *
The ice beast freezes you!
* * * LOW HITPOINT WARNING * * *
You block the ice beast's attack.
The electric eel shoots out a bolt of lightning at you!
The bolt of electricity hits you!
You die...

###########
..........######
≈≈≈≈.≈.≈≈......#
≈≈≈..≈≈@≈..≈...# ###
≈≈≈≈≈≈;Y;≈..≈..# #.#
≈≈....≈≈≈≈≈≈≈..###.#.#
≈....≈≈≈≈≈≈≈≈.....# #.##
..∩..≈...≈≈≈..##)## ##..
.........≈≈.≈...†(###.##
≈≈≈≈≈≈≈≈≈≈≈≈≈.####.#.##
.........≈≈.≈.# ##.##
#.#.### ###


You could see an ice beast and 2 electric eels.

Vanquished Creatures
  An ugly thing (D:9)
  A cyclops (D:11)
  Joseph (D:8)
  Psyche (D:8)
  A gargoyle (D:10)
  The ghost of Proton the Skirmisher, an amateur HOFi of Ru (D:5)
  4 trolls
  3 two-headed ogres
  Sigmund (D:5)
  3 wyverns
  2 deep elf magi
  11 yaks
  2 hippogriffs
  The ghost of Proton the Shield-Bearer, an amateur FoFi of Nemelex Xobeh (D:4)
  2 hungry ghosts (D:10)
  A water moccasin (D:4)
  A wolf (D:11)
  2 phantoms
  4 orc warriors
  A sky beast (D:8)
  5 ogres
  5 centaurs
  A crocodile (D:11)
  6 giant frogs
  2 big kobolds
  4 water moccasin zombies (Ossuary)
  A water moccasin skeleton (D:3)
  2 troll zombies (D:10)
  4 scorpions
  14 wights
  9 crimson imps
  A wasp zombie (D:11)
  5 jellies
  2 giant frog zombies
  7 hounds
  3 orc priests
  A giant frog skeleton (D:11)
  2 centaur skeletons
  15 orc wizards
  A gnoll shaman (D:5)
  5 iguanas
  13 worker ants
  3 big kobold zombies (Ossuary)
  2 sheep (D:11)
  6 ogre zombies (D:10)
  A worker ant zombie (D:6)
  2 mummies (Ossuary)
  Robin (D:6)
  7 gnolls
  14 adders
  2 river rats (D:5)
  2 white imps (D:11)
  10 oozes
  3 adder zombies
  3 worms
  6 giant geckos
  50 orcs
  2 ball pythons
  5 giant cockroaches
  14 goblins
  11 hobgoblins
  3 quokkas
  9 bats
  5 giant newts
  A goblin skeleton (D:10)
  3 goblin zombies (D:10)
  A hobgoblin skeleton (D:10)
  6 hobgoblin zombies
  13 jackals
  9 kobolds
  2 kobold zombies (Ossuary)
  25 orc zombies
  11 rats
384 creatures vanquished.

Vanquished Creatures (others)
  A giant frog skeleton (D:11)
1 creature vanquished.

Grand Total: 385 creatures vanquished

Notes
Turn   | Place    | Note
--------------------------------------------------------------
     0 | D:1      | Proton the Formicid Fighter began the quest for the Orb.
     0 | D:1      | Reached XP level 1. HP: 18/18 MP: 1/1
    32 | D:1      | Reached XP level 2. HP: 22/24 MP: 2/2
   110 | D:1      | Reached XP level 3. HP: 20/29 MP: 3/3
   338 | D:1      | Reached skill level 1 in Dodging
   602 | D:2      | Reached skill level 4 in Shields
   602 | D:2      | Reached XP level 4. HP: 31/36 MP: 4/4
   916 | D:2      | Found a shadowy altar of Dithmenos.
  1100 | D:2      | Found an ancient bone altar of Kikubaaqudgha.
  1276 | D:2      | Found a glowing golden altar of the Shining One.
  1391 | D:3      | Reached XP level 5. HP: 34/42 MP: 5/5
  1532 | D:3      | Noticed a phantom
  1559 | D:3      | Killed a phantom
  1559 | D:3      | Reached XP level 6. HP: 29/49 MP: 6/6
  1736 | D:3      | Reached skill level 5 in Shields
  1749 | D:3      | Reached XP level 7. HP: 46/55 MP: 7/7
  2017 | D:4      | Noticed Proton's ghost (amateur FoFi)
  2029 | D:4      | Killed Proton's ghost
  2029 | D:4      | Reached skill level 5 in Armour
  2301 | D:4      | Reached skill level 5 in Fighting
  2356 | D:4      | Found a snail-covered altar of Cheibriados.
  2360 | D:4      | Found a burning altar of Makhleb.
  2364 | D:4      | Became a worshipper of Cheibriados the Contemplative
  2466 | D:4      | Noticed Robin
  2472 | D:4      | Reached XP level 8. HP: 28/62 MP: 8/8
  3029 | D:4      | Reached skill level 6 in Shields
  3124 | D:5      | Entered Level 5 of the Dungeon
  3289 | D:5      | Reached * piety under Cheibriados
  3321 | D:5      | Found a sand-covered staircase.
  3326 | Ossuary  | Entered an ossuary
  3555 | D:5      | Found a bloodstained altar of Trog.
  3559 | D:5      | Reached ** piety under Cheibriados
  3621 | D:5      | Noticed Proton's ghost (amateur HOFi)
  3638 | D:5      | Killed Proton's ghost
  3638 | D:5      | Reached skill level 5 in Axes
  3638 | D:5      | Reached skill level 7 in Shields
  3638 | D:5      | Reached XP level 9. HP: 62/69 MP: 9/9
  3744 | D:5      | Found a sparkling altar of Nemelex Xobeh.
  3839 | D:5      | Noticed Sigmund
  3850 | D:5      | Killed Sigmund
  3862 | D:5      | Found a shimmering altar of Xom.
  4178 | D:6      | Killed Robin
  4178 | D:6      | Reached *** piety under Cheibriados
  4279 | D:6      | Reached skill level 1 in Invocations
  4345 | D:6      | Found an iron altar of Okawaru.
  4453 | D:6      | Reached skill level 8 in Shields
  4602 | D:6      | Reached XP level 10. HP: 71/77 MP: 11/11
  4661 | D:7      | Found Kessuej's Antique Weapon Shop.
  4678 | D:7      | Reached **** piety under Cheibriados
  4709 | D:7      | Found a staircase to the Ecumenical Temple.
  4712 | D:7      | Reached skill level 5 in Dodging
  4721 | D:7      | Found Poshrao's Gadget Boutique.
  4802 | D:7      | Found Boickaff's Assorted Antiques.
  4923 | D:7      | Found Joguxkec's Book Boutique.
  5037 | D:7      | Found Dugurr's Book Shoppe.
  5357 | D:8      | Got a slimy ring mail
  5368 | D:8      | Identified the +4 ring mail "Totukhle" {rPois rN++ MP-9 Stlth+} (You found it on level 8 of the Dungeon)
  5467 | D:8      | Noticed Joseph
  5484 | D:8      | Killed Joseph
  5608 | D:8      | Reached ***** piety under Cheibriados
  5850 | D:8      | Noticed Psyche
  5852 | D:8      | Noticed Maurice
  5860 | D:8      | Killed Psyche
  5976 | D:8      | Found a blossoming altar of Fedhas.
  5976 | D:8      | Found a sacrificial altar of Ru.
  6111 | D:9      | Noticed a red ugly thing
  6130 | D:9      | Killed a red ugly thing
  6130 | D:9      | Reached XP level 11. HP: 21/85 MP: 1/14
  6130 | D:9      | Reached skill level 9 in Shields
  6580 | D:9      | Reached skill level 5 in Invocations
  6865 | D:10     | Entered Level 10 of the Dungeon
  6896 | D:10     | Found Fecoakou's Distillery.
  6923 | D:10     | Bought a potion of mutation for 32 gold pieces
  6924 | D:10     | Gained mutation: Your muscles are strong. (Str +2) [potion of mutation]
  6924 | D:10     | Gained mutation: Scrolls take you a little longer to read. [potion of mutation]
  6924 | D:10     | Gained mutation: You have sharp toenails. [potion of mutation]
  6925 | D:10     | Gained mutation: You have sharp fingernails. [potion of mutation]
  6925 | D:10     | Gained mutation: You expend magic power (3 MP) to strengthen your wands. [potion of mutation]
  6926 | D:10     | Gained mutation: You are clumsy. (Dex -2) [potion of mutation]
  6926 | D:10     | Gained mutation: You occasionally shout uncontrollably at your foes. [potion of mutation]
  6926 | D:10     | Lost mutation: Scrolls take you a little longer to read. [potion of mutation]
  7009 | D:10     | Found Bixa's Weapon Shop.
  7064 | D:10     | Found Vitem's Assorted Antiques.
  7102 | D:10     | Reached ****** piety under Cheibriados
  7397 | D:10     | Bought a potion of beneficial mutation for 455 gold pieces
  7397 | D:10     | Gained mutation: Your skin changes colour to match your surroundings (Stealth). [potion of beneficial mutation]
  7483 | D:10     | Found a staircase to the Orcish Mines.
  7523 | D:10     | Found a staircase to the Lair.
  7789 | D:11     | Reached XP level 12. HP: 94/94 MP: 7/16
  7802 | D:11     | Reached skill level 10 in Shields
  8126 | D:11     | Killed from afar by an electric eel

Vault maps used:
D:1:      wheals_arrival_shading, minmay_surrounded
D:2:      grunt_dithmenos_smoke, tso_oasis_becter, kiku_gazebo_garden_becter
D:3:      first_bread, hangedman_feature_mirror
D:4:      kennysheep_little_box, bloody_makhleb, fountainhead, uniq_robin
D:5:      kennysheep_mini_moat, lemuel_round_altar, nicolae_ossuary_entry_plus,
          gup_sewer_entry_spiral, trog_butcher_becter, uniq_sigmund
D:6:      lemuel_round_altar, hangedman_minor_gate_pass
D:7:      temple_doors_e, serial_shops, shop,
          nicolae_shop_temple_entry_statues_fountains, nicolae_shop_stone, shop,
          shop, grunt_decor_resistance
D:8:      nicolae_overflow_hidden_temple, hangedman_little_slice_of_home,
          uniq_psyche, uniq_joseph, uniq_maurice
D:9:      minivault_24
D:10:     lair_0_dummy, zombieorc2_lemuel, serial_shops, nicolae_shop_stone,
          shop_statue, shop, amethyst_killhole
D:11:     enter_trove_5, serial_ice, serial_ice_j, serial_ice_d, serial_ice_a,
          serial_ice_n, uniq_nergalle
Ossuary:  ossuary_tomb_2

Action                   |  1- 3 |  4- 6 |  7- 9 | 10-12 || total
-------------------------+-------+-------+-------+-------++-------
Melee: War axe           |    68 |   183 |   462 |    79 ||   792
       Battleaxe         |       |       |       |   409 ||   409
Invok: Bend Time         |       |       |       |     1 ||     1
  Use: Potion            |       |     2 |       |     4 ||     6
       Scroll            |       |       |       |     1 ||     1
 Stab: Sleeping          |       |       |       |     8 ||     8
       Distracted        |       |       |       |     1 ||     1
  Eat: Meat ration       |       |     1 |       |     1 ||     2
       Bread ration      |       |       |     2 |     1 ||     3
